 Dungeon Crawl Stone Soup version 0.27-a0-836-gfc908b8576 (webtiles) character file.

Game seed: 2694744809221050152

56 harryhousin the Shield-Bearer (level 3, -9/24 HPs)
             Began as a Gargoyle Fighter on Apr 1, 2021.
             Was an Initiate of Okawaru.
             Killed from afar by Natasha (11 damage)
             ... with a magic dart
             ... on level 2 of the Dungeon.
             The game lasted 00:08:05 (1562 turns).

harryhousin the Shield-Bearer (Gargoyle Fighter)    Turns: 1562, Time: 00:08:06

Health: -9/24      AC: 10    Str: 20    XL:     3   Next: 97%
Magic:  3/3        EV: 11    Int:  8    God:    Okawaru [......]
Gold:   120        SH:  9    Dex:  9    Spells: 2/2 levels left

rFire    . . .     SeeInvis +   a - +1 flail
rCold    . . .     Faith    .   c - +0 kite shield
rNeg     + . .     Spirit   .   b - +0 scale mail
rPois    ∞         Reflect  .   (no helmet)
rElec    +         Harm     .   (no cloak)
rCorr    .         Rampage  .   (no gloves)
Will     .....                  (no boots)
Stlth    ..........             (no amulet)
HPRegen  0.08/turn              j - +4 ring of evasion
MPRegen  0.08/turn              k - ring of see invisible

@: slowed, very slow
A: AC +3, negative energy resistance 1, electricity resistance, torment
resistance 1, unbreathing 1, petrification resistance
a: Renounce Religion


You were on level 2 of the Dungeon.
You worshipped Okawaru.
Okawaru was noncommittal.
You visited 1 branch of the dungeon, and saw 2 of its levels.

You collected 120 gold pieces.

Inventory:

Hand Weapons
 a - a +1 flail (weapon)
Armour
 b - a +0 scale mail (worn)
 c - a +0 kite shield (worn)
Jewellery
 j - a +4 ring of evasion (left hand)
 k - a ring of see invisible (right hand)
Scrolls
 l - 2 scrolls of magic mapping {unknown}
Potions
 d - a potion of might
 e - a potion of curing {unknown}
 f - a potion of lignification {unknown}
 g - a potion of degeneration {unknown}


   Skills:
 + Level 3.8 Fighting
 + Level 2.6 Maces & Flails
 + Level 3.8 Armour
 + Level 3.8 Shields


You had 2 spell levels left.
You didn't know any spells.
Your spell library contained the following spells:

 Spells                   Type           Power      Damage    Failure   Level
 Confusing Touch          Hex            0%         N/A       100%        3
 Gell's Gravitas          Tloc           0%         N/A       100%        3
 Petrify                  Tmut/Erth      0%         N/A       100%        4
 Metabolic Englaciation   Hex/Ice        0%         N/A       100%        5
 Yara's Violent Unravell  Hex/Tmut       0%         3d3       100%        5


Dungeon Overview and Level Annotations

Branches:
Dungeon (2/15)

Altars:
Hepliaklqana
Makhleb
Okawaru

Shops:
D:2 =

Annotations:
D:2 Natasha


Innate Abilities, Weirdness & Mutations

Your stone body is resilient. (AC +3)
You are immune to poison.
You resist negative energy. (rN+)
You are resistant to electric shocks. (rElec)
You are resistant to unholy torment.
You can survive without breathing.
You are immune to petrification.


Message History

The white imp gestures at you. The puff of frost misses you.
Natasha growls.
You block Natasha's attack. You block the white imp's attack.
Natasha extends her claws.
Natasha claws you.
Your scale mail prevents you from hitting Natasha.
The white imp hits you but does no damage.
Natasha barely misses you.
The white imp hits you but does no damage.
Natasha misses you.
The white imp shouts, "Slither away, thou villainous toenail-biting harpy!"
The white imp hits you but does no damage.
You barely miss Natasha. Natasha claws you. The white imp hits you.
The white imp freezes you. Natasha closely misses you.
The white imp hits you but does no damage.
As you read the scroll labelled YKUIHEORGHA, it crumbles to dust.
You hear a loud clanging noise!
It was a scroll of noise.
Natasha barely misses you. The white imp hits you.
* * * LOW HITPOINT WARNING * * *
The white imp freezes you.
* * * LOW HITPOINT WARNING * * *
As you read the scroll labelled CUMION ZEUNE, it crumbles to dust.
It is a scroll of enchant weapon.
Your +0 flail glows red for a moment.
Natasha howls an incantation.
You feel troubled. You block Natasha's attack.
The white imp hits you but does no damage.
Natasha claws you.
* * * LOW HITPOINT WARNING * * *
You block the white imp's attack.
You hit Natasha but do no damage.
The white imp disappears in a puff of smoke!
You block Natasha's attack. x2
You closely miss Natasha. You block Natasha's attack. Natasha claws you.
* * * LOW HITPOINT WARNING * * *
Natasha casts a spell at you. The magic dart hits you!
You die...

### # #.# ####
#.############# ...#
#.............# ##.#
#.###########.# .#.# #.#
####.# .#.# #.# #....# .#.#
#@# #.#### .#.# #.# #.# ##.#
#..h.§# #.## #.# #...§.#
#..# #.#
#....§#######..######
#.#######
#....>...........>...
##.......#
#.....#######..######
.........# ####### #..#
.........################..#


You could see Natasha.

Vanquished Creatures
  An adder (D:2)
  A worm (D:2)
  4 dart slugs
  A ball python (D:1)
  3 giant cockroaches
  5 hobgoblins
  2 jackals (D:1)
  5 kobolds (D:1)
  3 quokkas
  3 frilled lizards (D:1)
  2 goblins
  5 rats (D:1)
  A bush (D:1)
36 creatures vanquished.

Vanquished Creatures (others)
  8 plants (D:1)
8 creatures vanquished.

Grand Total: 44 creatures vanquished

Notes
Turn   | Place    | Note
-------+----------+-------------------------------------------
     0 | D:1      | harryhousin the Gargoyle Fighter began the quest for the
                  | Orb.
     0 | D:1      | Reached XP level 1. HP: 14/14 MP: 1/1
   196 | D:1      | Reached XP level 2. HP: 15/19 MP: 2/2
   589 | D:1      | Reached XP level 3. HP: 17/23 MP: 3/3
   979 | D:2      | Found an iron altar of Okawaru.
  1011 | D:2      | Became a worshipper of Warmaster Okawaru
  1097 | D:2      | Found Siethyp's Jewellery Emporium.
  1149 | D:2      | Found a hazy altar of Hepliaklqana.
  1211 | D:2      | Found a burning altar of Makhleb.
  1550 | D:2      | Noticed Natasha
  1562 | D:2      | Killed from afar by Natasha

Illustrated notes

Levels and vault maps discovered:
D:1:      co_arrival_square_in_a_square_in_a_square, layout_basic,
          lexackson_kobold_supper
D:2:      layout_basic, lemuel_doored_altar, nicolae_overflow_crystal_walls,
          overflow_temple_1_default, general_overflow_altar, serial_shops, shop,
          nicolae_tso_swordbearing_angel, uniq_natasha

Action                   || total
-------------------------++-------
Melee: Flail             ||   199
  Use: Scroll            ||     2
Armor: Scale mail        ||    66
Dodge: Dodged            ||    51
Block: Kite shield       ||    77

Table legend: (Time is in decaauts)
 A = Elapsed time spent in this place.
 B = Non-inter-level travel time spent in this place.
 C = Inter-level travel time spent in this place.
 D = Time resting spent in this place.
 E = Time spent auto-exploring this place.
 F = Levels seen in this place.
 G = Mean time per level.
                   A        B        C        D        E       F      G
               +--------+--------+--------+--------+--------+-----+--------+
         Total |   1669 |   1663 |      6 |    268 |    668 |   2 |  834.5 |
       Dungeon |   1669 |   1663 |      6 |    268 |    668 |   2 |  834.5 |
               +--------+--------+--------+--------+--------+-----+--------+

Top non-repeatable levels by time:
     D:1: 1035 daAuts
     D:2: 633 daAuts
